Map: Ulrena

Players

State

  • Race: Protoss Protoss

Steisjo - Winner!

  • Race: Protoss Protoss
  • League: Silver

Event: DreamHack ZOWIE Open Leipzig

VOD

Have the link to the VOD?

Description

Time

  • Played on: Jan. 22, 2016, 8:44 a.m.
  • Length: 12:47

All games in this series

Show
View Real Time Build Order
Export as new Build Order

State Protoss 

Build Orders: Oracle Opening 

Get SALT Encoding   

  12  0:01  Probe (Chrono Boost)  
  13  0:11  Probe (Chrono Boost)  
  14  0:18  Pylon  
  14  0:22  Probe (Chrono Boost)  
  15  0:36  Probe (Chrono Boost)  
  15  0:37  Gateway  
  15  0:42  Assimilator  
  16  0:47  Probe (Chrono Boost)  
  17  0:52  Assimilator  
  17  0:57  Probe (Chrono Boost)  
  18  1:05  Gateway  
  18  1:09  Probe (Chrono Boost)  
  19  1:19  Probe (Chrono Boost)  
  19  1:24  Cybernetics Core  
  20  1:30  Probe (Chrono Boost)  
  21  1:37  Pylon  
  21  1:41  Probe (Chrono Boost)  
  22  1:52  Probe (Chrono Boost)  
  23  2:03  Mothership Core (Chrono Boost), Stalker  
  27  2:11  Stalker  
  29  2:23  Warp Gate (Chrono Boost)  
  29  2:33  Stalker  
  29  2:34  Pylon  
  30  2:45  Pylon  
  30  2:54  Stargate  
  30  3:03  Stalker  
  32  3:07  Stalker  
  34  3:16  Probe (Chrono Boost)  
  35  3:28  Probe (Chrono Boost)  
  36  3:36  Nexus  
  37  3:49  Oracle (Chrono Boost)  
  37  3:50  Pylon  
  39  4:07  Robotics Facility  
  39  4:08  Probe  
  40  4:21  Probe  
  40  4:22  Phoenix (Chrono Boost)  
  41  4:33  Probe  
  42  4:45  Probe  
  40  4:47  Phoenix (Chrono Boost)  
  40  4:49  Probe  
  43  4:55  Immortal (Chrono Boost)  
  43  4:57  Probe  
  48  5:01  Probe  
  49  5:07  Pylon  
  49  5:09  Probe  
  49  5:11  Sentry  
  53  5:15  Phoenix  
  53  5:18  Probe (Chrono Boost)  
  55  5:21  Probe (Chrono Boost)  
  55  5:24  Assimilator  
  56  5:30  Probe (Chrono Boost)  
  56  5:32  Assimilator  
  56  5:35  Probe (Chrono Boost)  
  58  5:38  Observer  
  58  5:40  Probe (Chrono Boost)  
  60  5:45  Probe (Chrono Boost), Pylon  
  60  5:47  Phoenix (Chrono Boost)  
  63  5:51  Probe (Chrono Boost)  
  63  5:55  Probe (Chrono Boost)  
  65  6:00  Pylon  
  65  6:01  Immortal  
  65  6:02  Probe  
  66  6:08  Probe  
  71  6:15  Probe, Phoenix (Chrono Boost)  
  74  6:20  Probe  
  75  6:27  Probe  
  76  6:33  Probe  
  76  6:36  Void Ray (Chrono Boost)  
  80  6:40  Probe  
  80  6:44  Immortal  
  80  6:45  Probe  
  76  6:52  Probe  
  81  6:58  Gateway  
  81  7:01  Pylon  
  81  7:04  Gateway  
  81  7:08  Probe  
  82  7:12  Sentry x2  
  86  7:21  Gateway  
  86  7:22  Gateway  
  86  7:26  Gateway  
  86  7:28  Warp Prism  
  88  7:42  Void Ray (Chrono Boost)  
  92  7:44  Sentry  
  92  7:46  Pylon  
  92  7:57  Pylon  
  92  7:58  Pylon  
  92  8:03  Sentry  
  98  8:17  Stalker  
  98  8:18  Stalker x2  
  100  8:28  Stalker x3  
  100  8:30  Stalker  
  108  8:46  Stalker x3  
  112  8:50  Pylon  
  112  8:51  Pylon  
  112  9:09  Stalker x5  
  114  9:16  Zealot  
  104  9:17  Zealot  
  104  9:34  Zealot  
  104  9:35  Zealot x4  
  104  9:37  Sentry  
  114  9:39  Sentry  
  106  9:53  Sentry x2  
  106  9:55  Immortal  
  114  10:02  Sentry x2  
  114  10:09  Sentry x2  
  110  10:16  Stalker  
  110  10:19  Stalker  
  110  10:23  Stalker  
  112  10:31  Stalker  
  112  10:32  Stalker  
  112  10:34  Warp Prism  
  116  10:41  Stalker  
  118  10:42  Stalker  
  120  10:50  Sentry, Stalker  
  122  11:02  Stalker x2  
  110  11:09  Sentry, Zealot x2  
  112  11:22  Zealot  
  112  11:23  Zealot  
  106  11:31  Adept x3  
  112  11:39  Sentry x2  
  114  11:49  Adept x3  
  108  12:00  Stalker  
  108  12:01  Stalker  
  106  12:03  Sentry  
  106  12:04  Zealot  
  108  12:14  Stalker x3  
  106  12:29  Zealot x4  
  112  12:35  Zealot  
  96  12:39  Zealot  
Show
View Real Time Build Order
Export as new Build Order

Steisjo Protoss - Winner!

Build Orders: Phoenix Opening 

Get SALT Encoding   

  12  0:01  Probe (Chrono Boost)  
  13  0:11  Probe (Chrono Boost)  
  14  0:19  Pylon  
  14  0:22  Probe (Chrono Boost)  
  15  0:37  Probe (Chrono Boost), Gateway  
  16  0:47  Probe (Chrono Boost)  
  16  0:48  Assimilator  
  17  0:55  Assimilator  
  17  0:58  Probe (Chrono Boost)  
  18  1:08  Probe (Chrono Boost)  
  19  1:11  Gateway  
  19  1:19  Probe (Chrono Boost)  
  20  1:26  Cybernetics Core  
  20  1:30  Probe (Chrono Boost)  
  21  1:34  Pylon  
  21  1:40  Probe (Chrono Boost)  
  22  1:51  Probe (Chrono Boost)  
  23  2:03  Mothership Core (Chrono Boost)  
  23  2:04  Stalker (Chrono Boost)  
  23  2:08  Stalker (Chrono Boost)  
  29  2:17  Pylon  
  29  2:25  Warp Gate  
  29  2:37  Sentry (Chrono Boost)  
  31  2:47  Sentry (Chrono Boost)  
  33  2:54  Probe  
  34  3:04  Nexus  
  34  3:06  Pylon  
  34  3:12  Stalker (Chrono Boost)  
  35  3:22  Probe  
  35  3:24  Stargate  
  37  3:34  Probe (Chrono Boost)  
  37  3:45  Probe (Chrono Boost), Phoenix (Chrono Boost)  
  38  3:50  Stalker  
  38  3:55  Probe (Chrono Boost)  
  41  4:06  Probe (Chrono Boost)  
  41  4:07  Oracle (Chrono Boost)  
  45  4:15  Probe  
  45  4:17  Probe  
  47  4:26  Probe  
  47  4:29  Probe  
  49  4:31  Twilight Council  
  49  4:35  Stalker  
  49  4:37  Probe (Chrono Boost)  
  50  4:42  Probe (Chrono Boost)  
  47  4:49  Probe (Chrono Boost)  
  48  4:53  Probe (Chrono Boost)  
  48  4:55  Assimilator  
  48  4:58  Blink (Chrono Boost)  
  48  4:59  Probe (Chrono Boost)  
  50  5:03  Probe (Chrono Boost)  
  51  5:10  Probe (Chrono Boost)  
  53  5:14  Probe (Chrono Boost)  
  53  5:17  Gateway  
  53  5:18  Pylon  
  54  5:21  Probe (Chrono Boost)  
  54  5:25  Probe (Chrono Boost)  
  55  5:30  Pylon  
  55  5:34  Probe (Chrono Boost)  
  56  5:36  Probe (Chrono Boost)  
  56  5:37  Pylon  
  57  5:43  Robotics Facility  
  57  5:46  Probe (Chrono Boost)  
  57  5:48  Probe (Chrono Boost)  
  59  6:02  Nexus  
  59  6:03  Stalker  
  61  6:05  Probe (Chrono Boost)  
  62  6:14  Stalker  
  62  6:16  Probe (Chrono Boost)  
  66  6:18  Probe (Chrono Boost)  
  66  6:33  Stalker x2  
  66  6:34  Probe (Chrono Boost)  
  66  6:35  Immortal (Chrono Boost)  
  73  6:47  Stalker  
  73  6:48  Assimilator  
  73  6:53  Gateway x2, Phoenix  
  74  6:57  Pylon  
  74  7:00  Probe  
  75  7:03  Probe  
  75  7:06  Stalker  
  78  7:13  Probe  
  79  7:17  Probe  
  79  7:21  Immortal  
  81  7:23  Stalker x2  
  81  7:25  Pylon  
  91  7:34  Stalker  
  90  7:38  Gateway  
  90  7:40  Gateway  
  90  7:49  Pylon  
  90  7:54  Stalker x4  
  98  7:59  Sentry  
  98  8:05  Immortal  
  104  8:10  Probe  
  105  8:14  Probe  
  105  8:15  Pylon  
  106  8:20  Sentry, Stalker  
  106  8:21  Sentry  
  106  8:25  Stalker x2  
  116  8:32  Pylon  
  114  8:36  Probe  
  115  8:46  Stalker x3, Sentry x2  
  123  8:53  Pylon  
  123  8:54  Stalker x2  
  125  9:09  Stalker x2  
  119  9:10  Stalker x2  
  119  9:16  Probe x2  
  121  9:17  Stalker  
  121  9:18  Stalker  
  125  9:24  Stalker  
  127  9:35  Stalker x3  
  133  9:41  Adept x3  
  139  9:51  Sentry  
  139  9:52  Probe  
  138  9:54  Assimilator  
  138  9:57  Pylon  
  128  10:08  Stalker x3  
  126  10:19  Stalker x3  
  126  10:20  Zealot  
  128  10:22  Probe  
  128  10:27  Immortal  
  133  10:32  Zealot x3  
  139  10:38  Probe  
  139  10:39  Sentry  
  139  10:41  Zealot  
  139  10:42  Probe  
  145  10:44  Sentry  
  145  10:45  Pylon  
  145  10:50  Sentry  
  135  11:06  Stalker x3  
  135  11:09  Mothership Core (Chrono Boost)  
  135  11:10  Zealot x3  
  129  11:27  Immortal  
  129  11:29  Stalker x3  
  129  11:32  Zealot x2  
  143  11:34  Zealot  
  143  11:38  Adept  
  128  11:56  Probe x2  
  128  11:57  Stalker  
  128  11:58  Stalker  
  134  12:02  Sentry x3  
  134  12:04  Probe  
  134  12:07  Immortal (Chrono Boost)  
  143  12:19  Probe x2  
  143  12:24  Zealot x3  
  131  12:38  Stalker  
  131  12:39  Stalker x3  

Tags
 
Add a new tag
Caveats
  • Supply blocks, unpowered buildings, or Contaminate may cause inaccurate times.
  • Supply counts are checked every 10 seconds.